 Dungeon Crawl Stone Soup version 0.30-a0-571-gdf30a72648 (webtiles) character file.

Game seed: 4988710500812680266

3144 Newt the Markskobold (level 10, 0/60 HPs)
             Began as a Kobold Hunter on Dec 29, 2022.
             Was a Priest of Okawaru.
             Slain by a yak (10 damage)
             ... on level 8 of the Dungeon.
             The game lasted 00:08:33 (8219 turns).

Newt the Markskobold (Kobold Hunter)                Turns: 8219, Time: 00:08:33

Health: 0/60       AC:  4    Str: 15    XL:     10   Next: 15%
Magic:  10/10      EV: 18    Int: 11    God:    Okawaru [***...]
Gold:   519        SH:  0    Dex: 22    Spells: 9/9 levels left

rFire   . . .      SeeInvis .    j - +2 sling (elec)
rCold   x . .      Faith    .    (no shield)
rNeg    . . .      Spirit   .    c - +0 leather armour
rPois   +          Reflect  .    (no helmet)
rElec   .          Harm     .    s - +0 cloak
rCorr   +          Rampage  .    (no gloves)
Will    .....                    (no boots)
Stlth   ++++                     (no amulet)
HPRegen 0.30/turn                l - ring "Davvoh" {rPois rC- rCorr Str+6 Slay+2}
MPRegen 0.12/turn                (no ring)

@: no status effects
A: small, no large weapons, nightstalker 3
a: Renounce Religion, Heroism


You were on level 8 of the Dungeon.
You worshipped Okawaru.
Okawaru was most pleased with you.
You visited 2 branches of the dungeon, and saw 10 of its levels.
You also visited: Ossuary.

You collected 609 gold pieces.
You spent 90 gold pieces at shops.

Inventory:

Hand Weapons
 a - a +0 shortbow of flaming
 j - a +2 sling of electrocution (weapon)
Missiles
 f - 2 throwing nets
Armour
 c - a +0 leather armour (worn)
 s - a +0 cloak (worn)
Jewellery
 l - the ring "Davvoh" (left hand) {rPois rC- rCorr Str+6 Slay+2}
   (You found it on level 3 of the Dungeon)

   [ring of strength]

   Str:       It affects your strength (+6).
   Slay:      It affects your accuracy & damage with ranged weapons and melee
   (+2).
   rC:        It makes you vulnerable to cold.
   rPois:     It protects you from poison.
   rCorr:     It protects you from acid and corrosion.
Wands
 t - a wand of iceblast (6)
Scrolls
 b - 3 scrolls of immolation
 e - a scroll of poison
 i - 3 scrolls of teleportation
 n - a scroll of amnesia
 r - a scroll of identify
 v - 2 scrolls of fear
 y - 2 scrolls of blinking
Potions
 d - 2 potions of lignification
 g - 5 potions of heal wounds
 h - 2 potions of degeneration
 k - 5 potions of curing
 m - 3 potions of cancellation
 o - 2 potions of flight
 p - 2 potions of might {unknown}
 q - 2 potions of brilliance {unknown}
 u - a potion of magic {unknown}
 w - a potion of haste
 x - 2 potions of invisibility {unknown}


   Skills:
 - Level 6.0 Fighting
 - Level 18.0 Ranged Weapons
 + Level 5.8 Dodging
 - Level 3.0 Stealth
 - Level 5.0 Evocations


You had 9 spell levels left.
You didn't know any spells.
Your spell library contained the following spells:

 Spells                   Type           Power      Damage    Failure   Level
 Apportation              Tloc           0%         N/A       41%         1
 Foxfire                  Conj/Fire      0%         2x1d4     41%         1
 Ensorcelled Hibernation  Hex/Ice        0%         N/A       54%         2
 Passwall                 Tmut/Erth      0%         N/A       54%         2
 Swiftness                Air            0%         N/A       78%         3
 Alistair's Intoxication  Tmut/Pois      0%         N/A       100%        5
 Fireball                 Conj/Fire      0%         3d3       100%        5
 Starburst                Conj/Fire      0%         6d3       100%        6


Dungeon Overview and Level Annotations

Branches:
Dungeon (9/15)             Temple (1/1) D:6         Ossuary (visited)
   Lair: D:8-11         Orc: D:9-12

Altars:
Ashenzari
Cheibriados
Elyvilon
Fedhas
Gozag
Kikubaaqudgha
Makhleb
Nemelex Xobeh
Okawaru
Qazlal
Ru
Sif Muna
Trog
Uskayaw
Vehumet
Xom
Yredelemnul
Zin
The Shining One

Shops:
D:3 :   D:4 (*


Innate Abilities, Weirdness & Mutations

You are small and have problems with some larger weapons.
You are completely attuned to the shadows.


Message History

The yak is lightly wounded.
The yak gores you but does no damage.
You shoot a sling bullet. The sling bullet hits the yak!
Lightning courses through the yak!
The yak is severely wounded.
The yak gores you!
You shoot a sling bullet. The sling bullet hits the yak!
The yak is almost dead.
The yak closely misses you.
You shoot a sling bullet. The sling bullet hits the yak.
You kill the yak!
Okawaru accepts your kill.
Okawaru will now gift you throwing weapons as you gain piety.
No target in view!
No target in view!
No target in view!
No target in view!
No target in view!
No target in view!
No target in view!
No target in view!
You start resting.
You feel yourself speed up.
You start resting.
HP restored.
You climb downwards.
The yak closely misses you. The yak completely misses you. The yak gores you!
The yak gores you. The yak completely misses you.
The yak gores you but does no damage.
There is a stone staircase leading up, spattered with blood here.
The yak barely misses you. The yak misses you. x2
You climb upwards.
There is a stone staircase leading down here.
Unknown command.
The yak attacks as you move away! The yak gores you! The yak gores you. x2
The yak gores you!
* * * LOW HITPOINT WARNING * * *
You see here a +0 scale mail.
The yak attacks as you move away! The yak completely misses you.
The yak attacks as you move away! The yak gores you!
You die...

.........#.#########.####.#..#.##
.........#.##.............#......
.........#.##.........#####.##.##
.........#.##...............#..##
.........#.##...............#.###
.........#.##..............>#....
.........#.##>.Y..........†.#..##
.........#.....YY##'##......#..##
.........#######@##.##..........#
............# #.##.########..<.#
.........##.####.##.# #####.....
#........##....#.##.####.........
#................................
#.........####.#.##.####.#####..#
#.........#.....................#
#.........#.#######.###..##.###.#
#.........#.#.....#.# #...#.....#


You could see 3 yaks.

Vanquished Creatures
  A wraith (D:9)
  A wyvern (D:8)
  3 yaks
  A water moccasin (D:8)
  An orc warrior (D:8)
  A sky beast (D:8)
  A black bear (D:8)
  2 ice beasts
  4 ogres
  A kobold brigand (D:7)
  2 scorpions
  A necrophage (D:8)
  4 water moccasin zombies (Ossuary)
  A howler monkey (D:9)
  9 hounds
  3 jellies
  An orc priest (D:5)
  A gnoll bouda (D:4)
  6 iguanas
  3 orc wizards
  3 mummies
  5 gnolls (D:4)
  12 adders
  A shadow imp (D:6)
  5 white imps
  3 adder zombies (Ossuary)
  A worm (D:4)
  A dart slug (D:3)
  20 orcs
  11 endoplasms
  2 giant cockroaches
  6 goblins
  5 hobgoblins
  2 quokkas
  6 ball pythons
  6 bats
  5 frilled lizards
  6 gnoll zombies (Ossuary)
  5 hobgoblin zombies (Ossuary)
  10 kobolds
  5 kobold zombies
  6 orc zombies
  3 rats
176 creatures vanquished.

Vanquished Creatures (others)
  2 plants (D:7)
2 creatures vanquished.

Grand Total: 178 creatures vanquished

Notes
Turn   | Place    | Note
-------+----------+-------------------------------------------
     0 | D:1      | Newt the Kobold Hunter began the quest for the Orb.
     0 | D:1      | Reached XP level 1. HP: 12/12 MP: 1/1
   134 | D:1      | Reached XP level 2. HP: 17/17 MP: 2/2
   818 | D:1      | Reached XP level 3. HP: 21/21 MP: 3/3
  1354 | D:2      | Reached skill level 6 in Ranged Weapons
  1896 | D:2      | Reached XP level 4. HP: 26/26 MP: 4/4
  2206 | D:3      | Reached skill level 7 in Ranged Weapons
  2248 | D:3      | You fall into a shaft and drop 1 floor!
  2314 | D:4      | Reached XP level 5. HP: 11/32 MP: 5/5
  2790 | D:5      | Entered Level 5 of the Dungeon
  2918 | D:4      | Found Pohaiwk's Antique Weapon Emporium.
  2922 | D:4      | Bought a runed sling for 90 gold pieces
  3119 | D:3      | Reached XP level 6. HP: 33/38 MP: 6/6
  3143 | D:3      | Identified the ring "Davvoh" {rPois rC- rCorr Str+6 Slay+2}
  3360 | D:3      | Found Baq Zaib's Vocational Training.
  4024 | D:4      | Found Cogruaho's General Store.
  4096 | D:5      | Noticed an ogre
  4102 | D:5      | Reached skill level 5 in Dodging
  4111 | D:5      | Killed an ogre
  4112 | D:5      | Reached skill level 8 in Ranged Weapons
  4112 | D:5      | Reached XP level 7. HP: 35/43 MP: 7/7
  4113 | D:5      | Reached skill level 9 in Ranged Weapons
  4114 | D:5      | Reached skill level 10 in Ranged Weapons
  4285 | D:5      | Reached skill level 11 in Ranged Weapons
  4315 | D:5      | Found a radiant altar of Vehumet.
  4464 | D:5      | Reached skill level 12 in Ranged Weapons
  4464 | D:5      | Reached XP level 8. HP: 48/48 MP: 8/8
  4594 | D:6      | Found a glowing silver altar of Zin.
  4746 | D:6      | Found a staircase to the Ecumenical Temple.
  4786 | Temple   | Entered the Ecumenical Temple
  4924 | Temple   | Became a worshipper of Warmaster Okawaru
  4972 | D:6      | Found a glowing golden altar of the Shining One.
  4999 | D:6      | Reached skill level 13 in Ranged Weapons
  5353 | D:6      | Reached skill level 14 in Ranged Weapons
  5620 | D:6      | Reached skill level 5 in Fighting
  5808 | D:7      | Reached * piety under Okawaru
  5823 | D:7      | Reached skill level 1 in Evocations
  5856 | D:7      | Reached XP level 9. HP: 55/55 MP: 9/9
  5896 | D:7      | Found a white marble altar of Elyvilon.
  5974 | D:7      | Found a broken altar of Ashenzari.
  6105 | D:7      | Found a bloodstained altar of Trog.
  6340 | D:7      | Reached skill level 5 in Evocations
  6342 | D:7      | Found a sparkling altar of Nemelex Xobeh.
  6636 | D:8      | Reached ** piety under Okawaru
  6637 | D:8      | Reached skill level 15 in Ranged Weapons
  6693 | D:8      | Found a sand-covered staircase.
  6701 | Ossuary  | Entered an ossuary
  6853 | Ossuary  | Reached skill level 16 in Ranged Weapons
  7171 | D:8      | Reached skill level 17 in Ranged Weapons
  7664 | D:8      | Found a hide-covered altar of Uskayaw.
  8117 | D:9      | Reached XP level 10. HP: 60/60 MP: 10/10
  8131 | D:9      | Reached skill level 18 in Ranged Weapons
  8136 | D:8      | Reached *** piety under Okawaru
  8219 | D:8      | Slain by a yak

Illustrated notes

Levels and vault maps discovered:
D:1:      dpeg_arrival_tiny_i, layout_loops_corners, roderic_lattice_a
D:2:      layout_loops_corners, hangedman_decor_lopped
D:3:      layout_loops_ring, nicolae_shop_vocational
D:4:      layout_cave_pools, serial_shops, kennysheep_mini_moat,
          nicolae_shop_stone
D:5:      layout_rooms, vehumet_crystals, minmay_splitting_lines
D:6:      layout_gridville, mainiacjoe_overflow_24_doors, tso_oasis_becter,
          minmay_temple_entry_tees, minmay_chambers_of_fives
D:7:      layout_basic, lemuel_coloured_pillars_altar,
          mainiacjoe_overflow_six_doors_small, mainiacjoe_overflow_boulevard,
          nemelex_dance_club_becter
D:8:      layout_basic, nicolae_uskayaw_suspiria, nicolae_ossuary_entry_giza
D:9:      layout_loops_ring, mainiacjoe_overflow_tiny_flanked,
          grunt_dithmenos_smoke, orc_0_dummy, serial_shops, shop
Temple:   jpeg_temple_clearing

Skill      XL: |  1  2  3  4  5  6  7  8  9 10 |
---------------+-------------------------------+-----
Stealth        | 2 3 |  3.0
Ranged Weapons | 6 7 8 12 14 17 18 | 18.0
Fighting       | 3 4 6 |  6.0
Dodging        | 3 5 |  5.8
Evocations     | 3 5 |  5.0

Action                   |  1- 3 |  4- 6 |  7- 9 | 10-12 || total
-------------------------+-------+-------+-------+-------++-------
 Fire: Shortbow          |    64 |    68 |       |       ||   132
       Sling             |       |    75 |   317 |    15 ||   407
  Use: Scroll            |     4 |     1 |     6 |       ||    11
       Potion            |       |     3 |     4 |       ||     7
Armor: Leather armour    |     6 |    15 |    12 |     3 ||    36
       Skin              |       |    62 |       |       ||    62
Dodge: Dodged            |    19 |    66 |    77 |    16 ||   178

Table legend: (Time is in decaauts)
 A = Elapsed time spent in this place.
 B = Non-inter-level travel time spent in this place.
 C = Inter-level travel time spent in this place.
 D = Time resting spent in this place.
 E = Time spent auto-exploring this place.
 F = Levels seen in this place.
 G = Mean time per level.
                   A        B        C        D        E       F      G
               +--------+--------+--------+--------+--------+-----+--------+
         Total |   8176 |   7837 |    339 |    919 |   5959 |  11 |  743.3 |
       Dungeon |   7804 |   7503 |    301 |    919 |   5713 |   9 |  867.1 |
        Temple |    152 |    114 |     38 |      0 |    102 |   1 |  152.0 |
       Ossuary |    219 |    219 |      0 |      0 |    144 |   1 |  219.0 |
               +--------+--------+--------+--------+--------+-----+--------+

Top non-repeatable levels by time:
     D:8: 1464 daAuts
     D:2: 1190 daAuts
     D:6: 1042 daAuts
     D:1: 1015 daAuts
     D:3: 931 daAuts
     D:4: 884 daAuts
     D:7: 647 daAuts
     D:5: 581 daAuts
 Ossuary: 219 daAuts
  Temple: 152 daAuts
     D:9: 46 daAuts
